 Dungeon Crawl Stone Soup version 0.29.1-1-gd02db6906a (webtiles) character file.

Game seed: 14721620318130935175

70 Ashen the Chiller (level 4, -3/32 HPs)
             Began as a Demonspawn Ice Elementalist on Sept 17, 2022.
             Slain by a gnoll
             ... wielding a +0 whip
              (7 damage)
             ... on level 2 of the Dungeon.
             The game lasted 00:02:04 (1723 turns).

Ashen the Chiller (Demonspawn Ice Elementalist)     Turns: 1723, Time: 00:02:04

Health: -3/32      AC:  3    Str:  8    XL:     4   Next: 3%
Magic:  1/7        EV: 12    Int: 18    God:
Gold:   50         SH:  0    Dex: 14    Spells: 7/8 levels left

rFire   x . .      SeeInvis .   (no weapon)
rCold   + . .      Faith    .   (no shield)
rNeg    . . .      Spirit   .   a - +0 robe
rPois   .          Reflect  .   (no helmet)
rElec   .          Harm     .   (no cloak)
rCorr   .          Rampage  .   (no gloves)
Will    .....                   (no boots)
Stlth   ++........              (no amulet)
HPRegen 0.10/turn               b - ring of ice
MPRegen 0.10/turn               (no ring)

@: no status effects
A: rugged brown scales 1, weakness stinger 1
a: no special abilities


You were on level 2 of the Dungeon.
You visited 1 branch of the dungeon, and saw 2 of its levels.

You collected 50 gold pieces.

Inventory:

Armour
 a - a +0 robe (worn)
Jewellery
 b - a ring of ice (left hand)
Scrolls
 c - 3 scrolls of amnesia {unknown}
 d - a scroll of torment {unknown}
 f - a scroll of vulnerability {unknown}
Potions
 e - 2 potions of haste {unknown}


   Skills:
 + Level 1.3 Fighting
 + Level 2.3 Dodging
 + Level 2.4 Stealth
 + Level 2.5 Spellcasting
 + Level 3.9 Ice Magic


You had 7 spell levels left.
You knew the following spells:

 Your Spells              Type           Power      Damage    Failure   Level
a - Freeze                Ice            96%        1d11      3%          1

Your spell library contained the following spells:

 Spells                   Type           Power      Damage    Failure   Level
 Frozen Ramparts          Ice            48%        1d8       10%         3
 Ozocubu's Armour         Ice            24%        N/A       10%         3
 Confusing Touch          Hex            2%         N/A       45%         3
 Hailstorm                Conj/Ice       14%        3d5       58%         4
 Yara's Violent Unravell  Hex/Tmut       1%         3d3       99%         5
 Enfeeble                 Hex            1%         N/A       100%        7
 Ozocubu's Refrigeration  Ice            12%        4d10      100%        7


Dungeon Overview and Level Annotations

Branches:
Dungeon (2/15)

Altars:


Innate Abilities, Weirdness & Mutations

You are partially covered in rugged brown scales. (AC +1, +3% HP)
You have a small tail.


Message History

The gnoll is heavily wounded.
The gnoll closely misses you.
Casting: Freeze (safe; 3% risk of failure)
Confirm with . or Enter, or press ? or * to list all spells.
Aiming: Freeze (safe; 3% risk of failure)
Press: ? - help, Shift-Dir - straight line, f/p - gnoll
Aim: a gnoll, wielding a +0 whip (heavily wounded)
You feel a surge of power!
You freeze the gnoll.
The gnoll is severely wounded.
The gnoll closely misses you.
Casting: Freeze (safe; 3% risk of failure)
Confirm with . or Enter, or press ? or * to list all spells.
Aiming: Freeze (safe; 3% risk of failure)
Press: ? - help, Shift-Dir - straight line, f/p - gnoll
Aim: a gnoll, wielding a +0 whip (severely wounded)
You feel a surge of power!
You freeze the gnoll!
You kill the gnoll!
The gnoll shouts!
You have reached level 4!
You feel agile.
Found 6 gold pieces.
Items here: )) ††.
The gnoll hits you with a +0 whip! The gnoll barely misses you.
Items here: )) ††.
The gnoll hits you from afar with a +3 spear!
The gnoll attacks as you move away! The gnoll hits you with a +0 whip.
* * * LOW HITPOINT WARNING * * *
The gnoll attacks as you move away! The gnoll closely misses you.
The gnoll attacks as you move away! The gnoll hits you with a +0 whip.
* * * LOW HITPOINT WARNING * * *
Casting: Freeze (safe; 3% risk of failure)
Confirm with . or Enter, or press ? or * to list all spells.
Aiming: Freeze (safe; 3% risk of failure)
Press: ? - help, Shift-Dir - straight line, f - gnoll
Aim: a gnoll, wielding a +0 whip You feel a surge of power!
You freeze the gnoll.
The gnoll is moderately wounded.
The gnoll hits you with a +0 whip!
You die...

#....#.>#
####....#
###.##.#
##...##.#
##..###### ##..##
#.g## #g## #.
####@# #. ##....#
#. ###..####
#.##...##
#.#..####
#...#...#
#.......#
########...(..##
................#


You could see 2 gnolls.

Vanquished Creatures
  4 gnolls
  2 endoplasms (D:1)
  2 giant cockroaches
  2 hobgoblins (D:1)
  3 kobolds (D:1)
  2 quokkas (D:1)
  8 ball pythons (D:1)
  5 frilled lizards (D:1)
  A goblin (D:1)
  3 rats (D:1)
32 creatures vanquished.

Notes
Turn   | Place    | Note
-------+----------+-------------------------------------------
     0 | D:1      | Ashen the Demonspawn Ice Elementalist began the quest for
                  | the Orb.
     0 | D:1      | Reached XP level 1. HP: 13/13 MP: 3/3
   486 | D:1      | Gained mutation: You have a small tail. [demonic ancestry]
   486 | D:1      | Reached XP level 2. HP: 19/20 MP: 1/5
   603 | D:1      | Found a faded altar of an unknown god.
   620 | D:1      | HP: 1/20 [gnoll/+0 club (4)]
  1026 | D:1      | Gained mutation: You are partially covered in rugged brown
                  | scales. (AC +1, +3% HP) [demonic ancestry]
  1026 | D:1      | Reached XP level 3. HP: 20/25 MP: 3/6
  1201 | D:1      | Reached skill level 1 in Fighting
  1708 | D:2      | Reached XP level 4. HP: 32/32 MP: 0/7
  1723 | D:2      | Slain by a gnoll

Illustrated notes

Levels and vault maps discovered:
D:1:      dpeg_arrival_shelter, layout_basic, hellmonk_ecumenical_altar_run_dry
D:2:      kb_forest_paths, layout_basic

Skill      XL: |  1  2  3 |
---------------+----------+-----
Stealth        | 2 |  2.4
Dodging        | 2 |  2.3
Fighting       | 1 |  1.3
Spellcasting   | |  2.5
Ice Magic      | |  3.9

Action                   |  1- 3 |  4- 6 || total
-------------------------+-------+-------++-------
Melee: Unarmed           |    21 |       ||    21
       Tailslap          |     1 |       ||     1
 Cast: Freeze            |    48 |     1 ||    49
  Use: Potion            |     2 |       ||     2
 Stab: Sleeping          |     3 |       ||     3
Armor: Robe              |     9 |       ||     9
Dodge: Dodged            |    51 |     2 ||    53
